 Dungeon Crawl Stone Soup version 0.28.0-1-gb440e238dd (webtiles) character file.

Game seed: 2511415640423984037

255373 iguanaiguana the Messiah (level 19, -73/190 HPs)
             Began as a Hill Orc Monk on Feb 20, 2022.
             Was the Champion of Beogh.
             Killed from afar by a hellephant (90 damage)
             ... with a blast of flame
             ... on level 3 of the Vaults.
             The game lasted 02:39:19 (46037 turns).

iguanaiguana the Messiah (Hill Orc Monk)           Turns: 46037, Time: 02:39:20

Health: -73/190    AC: 36    Str: 22    XL:     19   Next: 78%
Magic:  31/34      EV: 10    Int: 10    God:    Beogh [******]
Gold:   687        SH: 20    Dex: 13    Spells: 18/18 levels left

rFire   . . .      SeeInvis .   f - +5 broad axe (vamp)
rCold   + . .      Faith    .   u - +2 kite shield {AC+3}
rNeg    . . .      Spirit   .   U - +2 plate armour {rPois}
rPois   +          Reflect  +   l - +1 hat {Will+}
rElec   .          Harm     .   w - +2 cloak {Will+}
rCorr   .          Rampage  +   T - +0 pair of gloves
Will    ++++.                   J - +2 pair of boots {rampage}
Stlth   ..........              c - amulet of Sunlight {Reflect rC+ SH+5}
HPRegen 0.41/turn               H - +4 ring of protection
MPRegen 0.24/turn               X - ring of willpower

@: studying Unarmed Combat
A: walk on water
}: 2/15 runes: serpentine, barnacled
a: Renounce Religion, Smiting, Recall Orcish Followers, Give Item to Named
Follower, Resurrection


You were on level 3 of the Vaults.
You worshipped Beogh.
Beogh was exalted by your worship.
You visited 6 branches of the dungeon, and saw 34 of its levels.
You visited 1 bazaar.

You collected 4551 gold pieces.
You spent 3864 gold pieces at shops.

Inventory:

Hand Weapons
 f - a +5 vampiric broad axe (weapon)
Missiles
 e - 5 throwing nets
 k - 24 boomerangs
 q - 53 poisoned darts (quivered)
Armour
 l - a +1 hat of willpower (worn)
 u - a +2 kite shield of protection (worn)
 w - a +2 cloak of willpower (worn)
 J - a +2 pair of boots of rampaging (worn)
 Q - a +2 tower shield
 T - a +0 pair of gloves (worn)
 U - a +2 plate armour of poison resistance (worn)
Jewellery
 c - the amulet of Sunlight (around neck) {Reflect rC+ SH+5}
   (You bought it in a shop on level 1 of the Orcish Mines)

   [amulet of reflection]

   It reflects blocked missile attacks.
   rC:        It protects you from cold.
   SH:        It affects your SH (+5).
 h - a ring of protection from cold
 o - a ring of protection from fire
 z - a ring of see invisible
 F - a +4 ring of slaying
 H - a +4 ring of protection (left hand)
 P - a ring of positive energy
 X - a ring of willpower (right hand)
Wands
 r - a wand of mindburst (6)
 v - a wand of paralysis (7)
 C - a wand of flame (73)
 K - a wand of polymorph (6)
 R - a wand of iceblast (57) {@v2}
Scrolls
 i - 10 scrolls of teleportation {@r3}
 m - 2 scrolls of magic mapping {@r5}
 n - 2 scrolls of brand weapon
 p - 8 scrolls of blinking {@r4}
 s - 3 scrolls of summoning
 t - 4 scrolls of fear
 y - 3 scrolls of fog
 G - 6 scrolls of immolation
 V - 3 scrolls of holy word
 W - 2 scrolls of silence
Potions
 b - 5 potions of cancellation
 d - 6 potions of flight
 j - 2 potions of berserk rage
 A - 6 potions of haste {@q4}
 B - 6 potions of curing {@q1}
 E - 2 potions of resistance {@q5}
 I - 3 potions of ambrosia
 L - 8 potions of heal wounds {@q2}
 M - a potion of invisibility
 N - 6 potions of mutation
 S - 3 potions of might {@q3}
 Y - 7 potions of brilliance
 Z - 4 potions of magic
Miscellaneous
 g - a phantom mirror
 x - a box of beasts


   Skills:
 + Level 21.4 Fighting
 - Level 16.0 Axes
 - Level 5.0 Throwing
 + Level 15.6 Armour
 - Level 8.9 Dodging
 - Level 1.9 Stealth
 * Level 14.8 Shields
 * Level 23.2 Invocations
 - Level 5.0 Evocations


You had 18 spell levels left.
You didn't know any spells.
Your spell library contained the following spells:

 Spells                   Type           Power      Damage    Failure   Level
 Animate Skeleton         Necr           0%         N/A       99%         1
 Beastly Appendage        Tmut           0%         N/A       99%         1
 Foxfire                  Conj/Fire      0%         2x1d4     99%         1
 Pain                     Necr           0%         1d4       99%         1
 Slow                     Hex            0%         N/A       99%         1
 Ensorcelled Hibernation  Hex/Ice        0%         N/A       100%        2
 Sublimation of Blood     Necr           0%         N/A       100%        2
 Wereblood                Tmut           0%         N/A       100%        2
 Confusing Touch          Hex            0%         N/A       100%        3
 Conjure Flame            Conj/Fire      0%         6-21      100%        3
 Dazzling Flash           Conj/Hex       0%         N/A       100%        3
 Frozen Ramparts          Ice            0%         1d2       100%        3
 Ignite Poison            Fire/Tmut/Pois 0%         N/A       100%        3
 Inner Flame              Hex/Fire       0%         N/A       100%        3
 Spider Form              Tmut/Pois      0%         N/A       100%        3
 Stone Arrow              Conj/Erth      0%         3d7       100%        3
 Summon Guardian Golem    Hex/Summ       0%         N/A       100%        3
 Vampiric Draining        Necr           0%         2d6       100%        3
 Anguish                  Hex/Necr       0%         N/A       100%        4
 Animate Armour           Summ/Erth      0%         N/A       100%        4
 Dispel Undead            Necr           0%         3d6       100%        4
 Flame Wave               Conj/Fire      0%         2d4       100%        4
 Ice Form                 Ice/Tmut       0%         N/A       100%        4
 Sticky Flame             Conj/Fire      0%         2d3       100%        4
 Summon Ice Beast         Ice/Summ       0%         N/A       100%        4
 Agony                    Necr           0%         N/A       100%        5
 Blade Hands              Tmut           0%         N/A       100%        5
 Silence                  Hex/Air        0%         N/A       100%        5
 Summon Forest            Summ/Tloc      0%         N/A       100%        5
 Yara's Violent Unravell  Hex/Tmut       0%         3d3       100%        5
 Eringya's Noxious Bog    Tmut/Pois      0%         N/A       100%        6
 Iron Shot                Conj/Erth      0%         9d1       100%        6
 Enfeeble                 Hex            0%         N/A       100%        7
 Orb of Destruction       Conj           0%         9d5       100%        7
 Spellforged Servitor     Conj/Summ      0%         N/A       100%        7
 Summon Hydra             Summ           0%         N/A       100%        7
 Lehudib's Crystal Spear  Conj/Erth      0%         10d2      100%        8


Dungeon Overview and Level Annotations

Branches:
Dungeon (15/15)            Temple (0/1) D:5            Lair (6/6) D:10
 Shoals (4/4) Lair:2        Snake (4/4) Lair:4        Slime (0/5) Lair:5
    Orc (2/2) D:10            Elf (0/3) Orc:2        Vaults (3/5) D:14
  Crypt (0/3) Vaults:3     Depths (0/4) D:15

Altars:
Elyvilon
Fedhas
Zin
Beogh
Jiyva

Shops:
D:4 :   D:10 !   Orc:1 :*(=   Orc:2 ([=*[   Snake:1 *?   Snake:3 (   Vaults:2 !

Portals:
Trove: D:13 (give +3 ice dragon scales)


Message History

The hellephant tramples Morun!!
Morun holds its ground!
The hellephant bites Morun!
The hellephant gores Morun!
Brandogh hits the hellephant from afar with the +1 spear "Zihinnyph" {flame, Str+2}!!
Brandogh burns the hellephant.
The hellephant blinks!
The hell knight gestures at you while chanting.
The bolt of fire hits Morun!!
The bolt of fire hits you!
* * * LOW HITPOINT WARNING * * *
The hell knight gestures wildly while chanting.
The hell knight seems to speed up.
There is a huge open gate, spattered with blood here.
Aiming: Smiting
Press: ? - help, Dir - move target, f - hell knight Smite: a hell knight, wielding a +1 broad axe of pain and wearing a +0 chain mail (severely wounded, fast, ally target)
You smite the hell knight!!!
You kill the hell knight!
Beogh accepts your kill.
The hell knight hits Horkud with a +1 halberd!!
The hell knight casts a spell at you.
The bolt of fire misses your orc warlord.
The bolt of fire hits you!
* * * LOW HITPOINT WARNING * * *
The hell knight hits you from afar with a +4 glaive of flaming.
* * * LOW HITPOINT WARNING * * *
The hell knight burns you.
* * * LOW HITPOINT WARNING * * *
Morun unwields a +0 arbalest.
Morun wields a +0 bardiche.
Morun barely misses the hellephant.
The hell knight hits Borgoth with a +3 vorpal scimitar!
Brunolf shoots a bolt.
The bolt hits the hellephant!
The hell knight mumbles some strange words.
The hell knight seems to speed up.
Alork hits the hellephant from afar with the +5 trident "Zazoqu" {freeze, rPois Int+4}!!
Alork freezes the hellephant.
The hellephant breathes flames at you.
The blast of flame hits Morun!!!
The blast of flame hits you!!!
* * * LOW HITPOINT WARNING * * *
The blast of flame hits Berold!!!!
Horkud blocks the hell knight's attack.
The hellephant breathes flames at you.
The blast of flame misses Alork.
The blast of flame hits you!!!!
You die... #..............# ####### #.......o......# #...... #..''''''''''(.# #.#...# #.o' ++++

+'..# #...... #..'
++'')++'..# #...#.. #..'
+.!.p'+'..# #...... #.o'
+.?po))o..########.#...> #..'
+.)}§o'o..#......#....:. #.o'
+![.pYo@o.#....o.oo..#.. #..'
++''ppoo..#......#...o.. #..'
+++'p+'..#......#.#...#
#..''''''''''..'......#......
#..............#......#####'#
#............^Y######## #..
################ #.. #.. #..


You could see 2 hellephants, 6 hell knights, a friendly orc warlord (strong),
the friendly Alork the orc warlord (strong), the friendly Berold the orc warlord
(strong), the friendly Borgoth the orc warlord (strong), the friendly Brandogh
the orc warlord (strong), the friendly Brunolf the orc warlord (strong), the
friendly Horkud the orc warlord (strong) and the friendly Morun the orc warlord
(strong).

Vanquished Creatures
  Nikola (Shoals:4)
  2 krakens (Shoals:3)
  Kirke (Shoals:3)
  2 nagarajas (Snake:4)
  Ilsuiw (Shoals:3)
  The ghost of AlmostDecent the Protected, a journeyman GnEE of Vehumet (Orc:1)
  An orc warlord (Orc:2)
  4 vault wardens
  Aizul (Snake:1)
  5 ironbound preservers
  A caustic shrike skeleton (D:15)
  2 very ugly things (Vaults:1)
  3 ironbound thunderhulks
  Nessos (Orc:2)
  4 dire elephants
  2 merfolk javelineers (Shoals:4)
  3 yaktaur captains
  A merfolk impaler (Shoals:4)
  3 vault guards
  A rakshasa (D:15)
  Erolcha (D:13)
  4 hydras
  4 naga warriors
  5 centaur warriors
  3 ironbound frosthearts (Vaults:2)
  3 merfolk avatars
  2 merfolk aquamancers (Shoals:4)
  2 satyrs
  A death knight (D:14)
  An alligator snapping turtle (Shoals:3)
  3 tengu warriors
  2 naga sharpshooters
  A hell knight (Vaults:3)
  3 sun demons (Shoals:2)
  A skeletal warrior (D:15)
  8 sea snakes
  9 deep trolls
  A salamander mystic (Snake:2)
  A naga ritualist (Snake:4)
  3 wizards
  An orc knight (Orc:2)
  15 harpies
  4 lindwurms
  3 deep elf pyromancers
  4 mana vipers
  5 ironbound convokers
  An orc sorcerer (Orc:2)
  4 salamanders
  10 fauns
  10 ugly things
  5 cyclopes
  13 manticores
  5 naga magi
  5 merfolk sirens
  3 elephants
  A human skeleton (Vaults:3)
  3 guardian serpents (Snake:4)
  4 vault sentinels
  A torpor snail (Lair:5)
  9 black mambas
  3 water nymphs
  10 cane toads
  A spriggan zombie (D:15)
  An efreet (D:13)
  19 yaktaurs
  3 kobold demonologists
  An unseen horror (D:11)
  3 komodo dragons
  A tengu conjurer (D:13)
  7 trolls
  2 polar bears (Lair:6)
  3 dream sheep
  9 merfolk
  A wind drake (Shoals:3)
  A tengu simulacrum (Vaults:3)
  5 slime creatures
  4 blink frogs
  2 snapping turtles
  3 wraiths
  A flying skull (Vaults:3)
  2 shadows
  A wyvern (Lair:4)
  3 water elementals
  19 yaks
  A fire elemental (Snake:2)
  7 humans (D:14)
  3 steam dragons
  8 vampire mosquitoes
  13 nagas
  A warg (Orc:2)
  9 water moccasins
  2 swamp worms (D:7)
  Duvessa (D:7)
  A sky beast (D:7)
  7 orc warriors
  2 ice beasts
  2 necrophages
  3 black bears
  12 wolves
  9 centaurs
  An ogre (Orc:2)
  A phantom (D:5)
  3 kobold brigands
  5 bullfrogs
  6 scorpions
  3 water moccasin zombies
  Dowan (D:7)
  13 killer bees
  2 water moccasin skeletons
  4 wights (D:9)
  3 electric eels (D:10)
  2 howler monkeys (D:10)
  2 centaur zombies
  10 hounds
  A jelly (D:4)
  2 gnoll shamans
  5 orc priests
  2 bullfrog skeletons (D:5)
  5 iguanas
  5 hell rats (Lair:3)
  12 orc wizards
  2 howler monkey zombies
  8 gnolls
  A howler monkey skeleton (D:7)
  9 adders
  A shadow imp (D:5)
  A white imp (D:5)
  An ufetubus (D:6)
  4 worms
  4 dart slugs
  28 orcs
  11 ball pythons
  9 bats
  3 endoplasms
  2 giant cockroaches
  6 goblins
  4 hobgoblins
  6 jackals (D:1)
  A quokka (shapeshifter) (D:10)
  6 frilled lizards
  17 kobolds
  4 rats
  5 tentacles (Shoals:3)
611 creatures vanquished.

Vanquished Creatures (collateral kills)
  Frederick (Vaults:3)
  An ancient champion (Vaults:3)
  Gastronok (D:11)
  2 sphinxes
  9 nagarajas (Snake:4)
  2 orc warlords
  3 vault wardens (Vaults:2)
  A caustic shrike zombie (D:15)
  A curse skull (Vaults:3)
  8 ironbound preservers
  The ghost of AlmostDecent the Bludgeoner, a journeyman OgBe of Trog (Orc:1)
  8 ironbound thunderhulks
  A vampire knight (Vaults:3)
  4 very ugly things
  Azrael (Snake:2)
  9 dire elephants
  3 merfolk impalers
  3 merfolk javelineers
  2 yaktaur captains (Vaults:2)
  The ghost of Clumpoid the Thaumaturge, a journeyman DjAE of Makhleb (D:8)
  Josephine (D:10)
  The ghost of issech the Spear-Bearer, a journeyman TrMo of Hepliaklqana (D:12)
  A salamander tyrant (Snake:4)
  8 vault guards
  A great orb of eyes (Vaults:2)
  17 naga warriors
  2 merfolk avatars
  3 hydras
  5 boulder beetles
  9 centaur warriors
  A catoblepas (D:15)
  8 anacondas
  An alligator snapping turtle (Shoals:4)
  A death knight (D:13)
  6 two-headed ogres
  A merfolk aquamancer (Shoals:4)
  A satyr (Shoals:2)
  5 naga sharpshooters
  The ghost of GrayStillPlays the Skirmisher, a journeyman VSFi of the Shining One (D:10)
  3 tengu warriors (D:15)
  7 hell knights (Vaults:3)
  An orc high priest (Orc:2)
  3 shock serpents
  8 slime creatures
  A fire crab (Lair:6)
  A skeletal warrior (D:14)
  29 deep trolls
  8 sea snakes
  A glowing orange brain (D:15)
  3 naga ritualists
  5 lindwurms
  The ghost of suduhmizer the Cleaver, a novice DDFi (D:5)
  A wizard (Vaults:2)
  A flayed ghost (D:15)
  7 ironbound convokers
  A mana viper (Snake:2)
  2 necromancers
  2 phantasmal warriors (D:14)
  17 harpies
  3 orc knights
  2 orc sorcerers
  6 fauns
  The ghost of suduhmizer the Skirmisher, a novice OgHu of Makhleb (D:5)
  20 ugly things
  7 cyclopes
  5 salamanders
  9 elephants
  10 manticores
  A salamander (shapeshifter) (Vaults:1)
  8 merfolk sirens
  6 vault sentinels
  6 water nymphs
  16 black mambas
  5 guardian serpents
  10 naga magi
  An efreet (D:15)
  An unseen horror (D:11)
  4 komodo dragons
  3 yaktaurs
  5 rime drakes
  A tengu conjurer (D:15)
  6 cane toads
  A freezing wraith (D:13)
  4 kobold demonologists
  A guardian mummy (D:15)
  The ghost of GloriousHammer the Chopper, an amateur MiBe of Trog (D:5)
  3 wind drakes (Shoals:4)
  14 merfolk
  5 trolls
  3 polar bears
  A hornet (Lair:6)
  8 snapping turtles
  21 blink frogs
  14 dream sheep
  A vampire (D:10)
  A shadow (D:12)
  A spriggan skeleton (D:15)
  3 water elementals
  6 wraiths
  2 wyverns
  3 basilisks
  4 fire elementals (Snake:2)
  A basilisk (shapeshifter) (D:10)
  3 hogs (Shoals:3)
  A hog (shapeshifter) (D:10)
  18 yaks
  3 humans (D:14)
  2 steam dragons (Lair:6)
  A vampire mosquito (D:14)
  A neqoxec (D:10)
  32 nagas
  4 wargs
  2 hell hounds (Snake:2)
  4 water moccasins
  A swamp drake (shapeshifter) (D:10)
  20 orc warriors
  A black bear (Lair:1)
  An elf simulacrum (Vaults:3)
  3 ogres (Orc:1)
  11 wolves
  A centaur (D:12)
  3 kobold brigands
  6 bullfrogs
  A gnoll sergeant (D:10)
  A wight (D:9)
  A howler monkey (D:8)
  2 orc priests
  8 orc wizards
  A hell rat (Lair:3)
  A howler monkey zombie (D:9)
  3 gnolls (D:10)
  12 orcs
  A goblin (D:15)
  A kobold (D:10)
  A tentacle (Shoals:3)
622 creatures vanquished.

Vanquished Creatures (others)
  3 orc warlords
  3 orc sorcerers
  6 orc knights
  18 orc priests
  12 orc warriors
  9 orc wizards
  36 orcs
  A quokka (D:4)
  36 fungi
  149 plants
  14 tentacles (Shoals:3)
  7 withered plants (D:15)
294 creatures vanquished.

Grand Total: 1527 creatures vanquished

Notes
Turn   | Place    | Note
-------+----------+-------------------------------------------
     0 | D:1      | iguanaiguana the Hill Orc Monk began the quest for the Orb.
     0 | D:1      | Reached XP level 1. HP: 19/19 MP: 1/1
   154 | D:1      | Reached XP level 2. HP: 13/27 MP: 2/2
  1183 | D:2      | Reached XP level 3. HP: 33/33 MP: 3/3
  1602 | D:2      | Reached skill level 5 in Axes
  1602 | D:2      | Reached skill level 1 in Armour
  1692 | D:2      | Reached XP level 4. HP: 39/40 MP: 4/4
  1709 | D:2      | Identified the +5 ring mail of Paviunta {Contam Int+9}
  1990 | D:2      | Found a faded altar of an unknown god.
  2375 | D:3      | Noticed a necrophage
  2377 | D:3      | Killed a necrophage
  2378 | D:3      | Reached XP level 5. HP: 47/47 MP: 5/5
  2477 | D:3      | Reached XP level 6. HP: 55/55 MP: 6/6
  2484 | D:3      | Reached skill level 5 in Fighting
  3013 | D:4      | Noticed a black bear
  3310 | D:4      | Killed a black bear
  3311 | D:4      | Reached XP level 7. HP: 61/61 MP: 7/7
  3515 | D:4      | Found a white marble altar of Elyvilon.
  3634 | D:4      | Found Mifuil's Self-Improvement Boutique.
  4126 | D:5      | Entered Level 5 of the Dungeon
  4260 | D:5      | Reached XP level 8. HP: 24/71 MP: 6/8
  4790 | D:5      | Reached skill level 5 in Armour
  4792 | D:5      | Reached skill level 10 in Axes
  4879 | D:5      | Reached skill level 1 in Evocations
  5170 | D:5      | Found a runed translucent gate.
  5170 | D:5      | Found a runed translucent gate.
  5170 | D:5      | Found a runed translucent gate.
  5174 | D:5      | Noticed suduhmizer's ghost (novice OgHu)
  5174 | D:5      | Noticed GloriousHammer's ghost (amateur MiBe)
  5174 | D:5      | Noticed suduhmizer's ghost (novice DDFi)
  5278 | D:5      | Found a staircase to the Ecumenical Temple.
  6200 | D:6      | Reached XP level 9. HP: 77/79 MP: 9/9
  6252 | D:6      | Became a worshipper of Beogh the Brigand
  6252 | D:6      | Reached * piety under Beogh
  6252 | D:6      | Reached ** piety under Beogh
  7026 | D:7      | Noticed Duvessa
  7026 | D:7      | Noticed Dowan
  7047 | D:7      | Killed Duvessa
  7057 | D:7      | Killed Dowan
  7685 | D:7      | Identified the +10 rapier of Hedit {holy, MP+9 Dex+5}
  7791 | D:7      | Reached skill level 1 in Invocations
  7894 | D:8      | Reached skill level 2 in Invocations
  7901 | D:8      | Reached XP level 10. HP: 72/90 MP: 9/12
  7912 | D:8      | Reached skill level 3 in Invocations
  8118 | D:8      | Reached *** piety under Beogh
  8167 | D:8      | Reached skill level 4 in Invocations
  8431 | D:8      | Found a runed translucent door.
  8561 | D:8      | Noticed Clumpoid's ghost (journeyman DjAE)
  8953 | D:9      | Reached skill level 5 in Invocations
  9682 | D:9      | Noticed a tengu warrior
  9814 | D:9      | Killed a tengu warrior
  9815 | D:9      | Reached skill level 6 in Invocations
  9815 | D:9      | Reached skill level 5 in Evocations
  9887 | D:9      | Reached XP level 11. HP: 72/97 MP: 12/16
 10310 | D:9      | Reached skill level 7 in Invocations
 10427 | D:10     | Entered Level 10 of the Dungeon
 10443 | D:10     | Noticed a sun demon
 10449 | D:10     | Reached **** piety under Beogh
 10544 | D:10     | Found Muiptec's Distillery.
 10549 | D:10     | Bought a potion of mutation for 104 gold pieces
 10806 | D:10     | Reached skill level 8 in Invocations
 11172 | D:10     | Noticed Josephine
 11179 | D:10     | Killed Josephine
 11183 | D:10     | Reached skill level 10 in Fighting
 11186 | D:10     | Found a staircase to the Orcish Mines.
 11403 | D:10     | Found a staircase to the Lair.
 11814 | D:10     | Found a runed translucent gate.
 11814 | D:10     | Found a runed translucent gate.
 11814 | D:10     | Found a runed translucent gate.
 11814 | D:10     | Noticed a purple ugly thing
 11815 | D:10     | Noticed a red ugly thing
 11815 | D:10     | Noticed a white ugly thing
 11816 | D:10     | Noticed a purple ugly thing
 11843 | D:10     | Reached skill level 1 in Shields
 12241 | Lair:1   | Entered Level 1 of the Lair of Beasts
 12581 | Lair:1   | Noticed a seven-headed hydra
 12590 | Lair:1   | Killed a seven-headed hydra
 12591 | Lair:1   | Reached skill level 9 in Invocations
 12903 | Lair:1   | Noticed a five-headed hydra
 12914 | Lair:1   | Killed a five-headed hydra
 12914 | Lair:1   | Gained Boghold as an ally
 12915 | Lair:1   | Reached skill level 15 in Axes
 12915 | Lair:1   | Reached XP level 12. HP: 69/107 MP: 10/19
 13798 | Lair:2   | Found a blossoming altar of Fedhas.
 13801 | Lair:2   | Reached skill level 10 in Invocations
 13941 | Lair:2   | Reached ***** piety under Beogh
 14166 | Lair:2   | Reached skill level 5 in Shields
 14721 | Lair:2   | Found a staircase to the Shoals.
 14890 | Lair:3   | Gained Horkud as an ally
 14894 | Lair:3   | Reached skill level 11 in Invocations
 16038 | Lair:4   | Reached skill level 12 in Invocations
 16042 | Lair:4   | Reached XP level 13. HP: 97/116 MP: 19/22
 16222 | Lair:4   | Found a staircase to the Snake Pit.
 16388 | Lair:4   | You fall into a shaft and drop 2 floors!
 16388 | Lair:6   | Entered Level 6 of the Lair of Beasts
 16644 | Lair:4   | Reached skill level 10 in Armour
 17251 | Lair:5   | Reached skill level 13 in Invocations
 17528 | Lair:5   | Found a viscous altar of Jiyva.
 17530 | Lair:5   | Found a staircase to the Slime Pits.
 18239 | Lair:6   | Reached ****** piety under Beogh
 18981 | Lair:6   | Reached skill level 1 in Throwing
 19324 | Lair:6   | Identified the +5 trident "Zazoqu" {freeze, rPois Int+4}
 19396 | Lair:6   | Reached skill level 5 in Throwing
 19456 | Lair:6   | Identified the +9 hand axe "Rukuklah" {flame, rPois}
 19541 | Lair:6   | Reached skill level 14 in Invocations
 19955 | D:11     | Noticed Gastronok
 19961 | D:11     | Killed Gastronok
 20076 | D:11     | Reached XP level 14. HP: 116/127 MP: 21/24
 20153 | Orc:1    | Entered Level 1 of the Orcish Mines
 20158 | Orc:1    | Paralysed by an orc sorcerer for 2 turns
 20167 | Orc:1    | Gained Morguth as an ally
 20169 | Orc:1    | Found Ethahax's Jewellery Emporium.
 20373 | Orc:1    | Found Eheychiqu's Weapon Emporium.
 20407 | Orc:1    | Found Mainohel's Assorted Antiques.
 20416 | Orc:1    | Bought a scroll labelled LOWOER UQAU for 25 gold pieces
 20419 | Orc:1    | Found a runed translucent gate.
 20421 | Orc:1    | Found a runed translucent gate.
 20422 | Orc:1    | Found a runed translucent gate.
 20428 | Orc:1    | Noticed AlmostDecent's ghost (journeyman OgBe)
 20428 | Orc:1    | Noticed AlmostDecent's ghost (journeyman GnEE)
 20629 | Orc:1    | Found Piufuheo's Book Boutique.
 20702 | Orc:1    | Gained Bladwarg as an ally
 20705 | Orc:1    | Identified the +1 long sword of Doom {spect, rF+ rN+}
 20876 | Orc:1    | Noticed an orc warlord
 20890 | Orc:1    | Killed an orc warlord
 20892 | Orc:1    | Noticed an orc warlord
 21452 | D:11     | Found a glowing silver altar of Zin.
 21858 | D:12     | Gained Alork as an ally
 21935 | D:12     | Found a transporter.
 22174 | D:12     | Found a transporter.
 22593 | D:12     | Noticed issech's ghost (journeyman TrMo)
 22689 | D:13     | Reached skill level 15 in Invocations
 23208 | D:13     | Found a portal to a secret trove of treasure.
 23643 | D:13     | Noticed Erolcha
 23658 | D:13     | Killed Erolcha
 24988 | D:14     | Found the brooch of Shielding {Spirit SH+8}
 25221 | D:14     | Found a gate to the Vaults.
 25624 | D:15     | Entered Level 15 of the Dungeon
 25634 | D:15     | Reached skill level 16 in Invocations
 25663 | D:15     | Found a staircase to the Depths.
 25674 | D:15     | Reached XP level 15. HP: 70/136 MP: 13/27
 26069 | D:15     | Reached skill level 5 in Dodging
 26138 | D:15     | Found a flickering gateway to a bazaar.
 26150 | Bazaar   | Entered a bazaar
 26349 | Bazaar   | Found Qedwuhynitt's Jewellery Emporium.
 26349 | Bazaar   | Found Keaphypt's Book Shoppe.
 27582 | Snake:1  | Entered Level 1 of the Snake Pit
 27594 | Snake:1  | Found Ycsafrug's Magic Scroll Boutique.
 27604 | Snake:1  | Bought a scroll of identify for 28 gold pieces
 27638 | Snake:1  | You fall into a shaft and drop 1 floor!
 27655 | Snake:2  | Gained Borgoth as an ally
 27659 | Snake:2  | Reached skill level 17 in Invocations
 27659 | Snake:2  | Your ally Morguth died
 27966 | Snake:1  | Reached skill level 10 in Shields
 28253 | Snake:1  | Found Qoujiraf's Gadget Gallery.
 28420 | Snake:1  | Noticed Aizul
 28434 | Snake:1  | Killed Aizul
 29021 | Orc:2    | Entered Level 2 of the Orcish Mines
 29108 | Orc:2    | Noticed an orc warlord
 29119 | Orc:2    | Killed an orc warlord
 29239 | Orc:2    | Found a roughly hewn altar of Beogh.
 29242 | Orc:2    | Found Gukibac's Jewellery Shoppe.
 29247 | Orc:2    | Found Esitog's General Store.
 29414 | Orc:2    | Found a staircase to the Elven Halls.
 29470 | Orc:2    | Found Oklomut's Antique Weapon Shoppe.
 29540 | Orc:2    | Noticed Nessos
 29548 | Orc:2    | Killed Nessos
 29754 | Orc:2    | Found Dosyulank's Antique Armour Shop.
 29857 | Orc:2    | Found Ziugaidgh's Antique Armour Shoppe.
 29863 | Orc:2    | Bought a pair of scorched gloves for 247 gold pieces
 29863 | Orc:2    | Identified the +1 pair of gloves of the Clam {Fly Will-
                  | Str+4 Int+3} (You bought it in a shop on level 2 of the
                  | Orcish Mines)
 30063 | Orc:1    | Identified the +9 battleaxe of Pandemonium {flame, Contam
                  | rPois Dex+2}
 30411 | Orc:1    | Bought the amulet of Sunlight {Reflect rC+ SH+5} for 660
                  | gold pieces
 30431 | Orc:1    | Bought a +3 vampiric broad axe for 435 gold pieces
 30453 | Orc:1    | Bought a manual of Fighting for 1200 gold pieces
 30517 | Orc:2    | Bought a pitted spear for 288 gold pieces
 30517 | Orc:2    | Identified the +1 spear "Zihinnyph" {flame, Str+2} (You
                  | bought it in a shop on level 2 of the Orcish Mines)
 30699 | D:12     | Killed issech's ghost
 31163 | Snake:2  | Noticed Azrael
 31168 | Snake:2  | Gained Morun as an ally
 31174 | Snake:2  | Killed Azrael
 31197 | Snake:2  | Reached skill level 18 in Invocations
 31267 | Snake:2  | Reached XP level 16. HP: 128/147 MP: 29/29
 31287 | Snake:2  | Reached skill level 15 in Fighting
 31982 | Snake:3  | Found Neq Luno's Antique Weapon Shoppe.
 32395 | Snake:4  | Entered Level 4 of the Snake Pit
 32426 | Snake:4  | Noticed a nagaraja
 32427 | Snake:4  | Noticed a nagaraja
 32439 | Snake:4  | Killed a nagaraja
 32441 | Snake:4  | Killed a nagaraja
 32442 | Snake:4  | Your ally Bladwarg died
 32442 | Snake:4  | Noticed a nagaraja
 32454 | Snake:4  | Killed a nagaraja
 32816 | Snake:4  | Found a white marble altar of Elyvilon.
 33441 | Snake:4  | Noticed a nagaraja
 33449 | Snake:4  | Killed a nagaraja
 33454 | Snake:4  | Gained Bogward as an ally
 33483 | Snake:4  | Noticed a nagaraja
 33490 | Snake:4  | Killed a nagaraja
 33526 | Snake:4  | Noticed a nagaraja
 33526 | Snake:4  | Noticed a nagaraja
 33528 | Snake:4  | Killed a nagaraja
 33532 | Snake:4  | Killed a nagaraja
 33881 | Snake:4  | Noticed a nagaraja
 33889 | Snake:4  | Killed a nagaraja
 34060 | Snake:4  | Noticed a nagaraja
 34064 | Snake:4  | Killed a nagaraja
 34065 | Snake:4  | Reached skill level 19 in Invocations
 34163 | Snake:4  | Noticed a nagaraja
 34166 | Snake:4  | Killed a nagaraja
 34168 | Snake:4  | Noticed a nagaraja
 34173 | Snake:4  | Killed a nagaraja
 34179 | Snake:4  | Got a serpentine rune of Zot
 34506 | Shoals:1 | Entered Level 1 of the Shoals
 34834 | Shoals:1 | Gained Brandogh as an ally
 35193 | Shoals:2 | Reached XP level 17. HP: 142/163 MP: 30/30
 36320 | Shoals:3 | Noticed Kirke
 36506 | Shoals:3 | Killed Kirke
 36546 | Shoals:3 | Noticed Ilsuiw
 36579 | Shoals:3 | Reached skill level 20 in Invocations
 36583 | Shoals:3 | Killed Ilsuiw
 36678 | Shoals:3 | Noticed a kraken
 36690 | Shoals:3 | Killed a kraken
 37105 | Shoals:3 | Noticed a kraken
 37129 | Shoals:3 | Killed a kraken
 37811 | Shoals:4 | Entered Level 4 of the Shoals
 38494 | Shoals:4 | Got a barnacled rune of Zot
 38508 | Shoals:4 | Got the Tome of Twisted Summoning
 39046 | Shoals:4 | Reached XP level 18. HP: 178/178 MP: 32/32
 39097 | Shoals:4 | Noticed Nikola
 39106 | Shoals:4 | Killed Nikola
 39602 | Vaults:1 | Entered Level 1 of the Vaults
 39642 | Vaults:1 | Reached skill level 21 in Invocations
 40122 | Orc:1    | Bought a scroll of enchant armour for 187 gold pieces
 40141 | Orc:1    | Killed AlmostDecent's ghost
 40143 | Orc:1    | Killed AlmostDecent's ghost
 40256 | D:10     | Found a runed translucent gate.
 40256 | D:10     | Found a runed translucent gate.
 40294 | D:10     | Noticed GrayStillPlays's ghost (journeyman VSFi)
 40297 | D:10     | Found a runed translucent gate.
 40310 | D:10     | Killed GrayStillPlays's ghost
 40320 | D:10     | Identified the +1 robe of Cusa {rF+}
 40446 | D:8      | Killed Clumpoid's ghost
 40542 | D:5      | Killed suduhmizer's ghost
 40543 | D:5      | Killed suduhmizer's ghost
 40543 | D:5      | Killed GloriousHammer's ghost
 41357 | Vaults:1 | Gained Brunolf as an ally
 43045 | Vaults:2 | Gained Berold as an ally
 43171 | Vaults:2 | Reached skill level 22 in Invocations
 43244 | Vaults:2 | Reached skill level 15 in Armour
 43254 | Vaults:2 | Reached XP level 19. HP: 188/188 MP: 34/34
 44227 | Vaults:2 | Identified the +9 scimitar of Ru's Supremacy {drain, rPois
                  | rN+}
 44795 | Vaults:2 | Found Ylegoshre's Distillery.
 44803 | Vaults:2 | Bought a potion of heal wounds for 75 gold pieces
 44803 | Vaults:2 | Bought a potion of heal wounds for 75 gold pieces
 44803 | Vaults:2 | Bought 2 potions of heal wounds for 150 gold pieces
 44803 | Vaults:2 | Bought a potion of haste for 150 gold pieces
 44803 | Vaults:2 | Bought 2 potions of cancellation for 240 gold pieces
 45123 | Vaults:3 | Reached skill level 23 in Invocations
 45142 | Vaults:3 | Noticed Frederick
 45145 | Vaults:3 | Killed Frederick
 45315 | Vaults:3 | Found a staircase to the Crypt.
 45888 | Vaults:3 | Found a huge runed gate.
 45888 | Vaults:3 | Found a huge runed gate.
 45890 | Vaults:3 | Found a huge runed gate.
 45891 | Vaults:3 | Found a huge runed gate.
 45892 | Vaults:3 | Found a huge runed gate.
 45892 | Vaults:3 | Found a huge runed gate.
 45892 | Vaults:3 | Found a huge runed gate.
 45892 | Vaults:3 | Found a huge runed gate.
 45894 | Vaults:3 | Found a huge runed gate.
 45894 | Vaults:3 | Found a huge runed gate.
 45894 | Vaults:3 | Found a huge runed gate.
 45894 | Vaults:3 | Found a huge runed gate.
 45894 | Vaults:3 | Found a huge runed gate.
 45894 | Vaults:3 | Found a huge runed gate.
 45895 | Vaults:3 | Found a huge runed gate.
 45896 | Vaults:3 | Found a huge runed gate.
 45897 | Vaults:3 | Found a huge runed gate.
 45906 | Vaults:3 | Found a huge runed gate.
 45906 | Vaults:3 | Found a huge runed gate.
 45906 | Vaults:3 | Found a huge runed gate.
 45906 | Vaults:3 | Found a huge runed gate.
 45906 | Vaults:3 | Found a huge runed gate.
 45906 | Vaults:3 | Found a huge runed gate.
 45907 | Vaults:3 | Found a huge runed gate.
 45908 | Vaults:3 | Found a huge runed gate.
 45909 | Vaults:3 | Found a huge runed gate.
 45917 | Vaults:3 | Found a huge runed gate.
 45917 | Vaults:3 | Found a huge runed gate.
 45917 | Vaults:3 | Found a huge runed gate.
 45917 | Vaults:3 | Found a huge runed gate.
 45917 | Vaults:3 | Found a huge runed gate.
 45917 | Vaults:3 | Found a huge runed gate.
 45918 | Vaults:3 | Found a huge runed gate.
 45919 | Vaults:3 | Found a huge runed gate.
 45920 | Vaults:3 | Found a huge runed gate.
 45928 | Vaults:3 | Found a huge runed gate.
 46028 | Vaults:3 | Noticed a hellephant
 46028 | Vaults:3 | Noticed a hellephant
 46035 | Vaults:3 | Your ally Boghold died
 46035 | Vaults:3 | Your ally Bogward died
 46037 | Vaults:3 | Killed from afar by a hellephant

Illustrated notes

Levels and vault maps discovered:
D:1:      kennysheep_arrival_seaside, layout_loops_ring
D:2:      layout_rooms, chequers_ecumenical_altar_lobes, hangedman_decor_points,
          hangedman_abyss_or_decor_lesser_grid
D:3:      layout_rooms
D:4:      layout_basic, elyvilon_altar_4, nicolae_shop_self_help
D:5:      minmay_thinvault, layout_basic, temple_doors_e,
          gammafunk_ghost_cemetery
D:6:      hellmonk_ruined_rings, layout_rooms
D:7:      layout_loops_ring, worms_lemuel, uniq_duvessa
D:8:      layout_basic, ebering_ghost_reflecting_pool
D:9:      layout_loops_ring
D:10:     layout_gridville, erik_lair_island, david_orc_2, serial_shops, shop,
          ploomutoo_gammafunk_ghost_potion_laboratory, nrook_loot_triangle,
          uniq_josephine
D:11:     layout_loops_ring, zin_treasury, uniq_gastronok
D:12:     layout_gridville, nzn_ghost_randoct
D:13:     layout_grid_maze, enter_trove_6, uniq_erolcha
D:14:     layout_cave_pods, ximxim_vaults_locker_room, serial_glass,
          glass_columns_b, glass_columns_b, glass_columns_a, glass_columns_a,
          glass_columns_b, glass_columns_b, due_unseen_surprise
D:15:     gammafunk_depths_entry_grave, layout_basic, serial_shops,
          bzr_entry_customers, hangedman_corner_corridor
Lair:1:   layout_hall_layers, chequers_serial_rivers_marsh, serial_bayou_pond_a
Lair:2:   layout_regular_city, minmay_shoals_entry_lonely_mermaid, basic_altar,
          grunt_megastairs_2
Lair:3:   layout_gridlike
Lair:4:   layout_cave_pods, guppyfry_snake_entry_island
Lair:5:   layout_regular_city, slime_altar_1, lemuel_fruit_fields
Lair:6:   gammafunk_lair_ancient_temple, layout_cave_pods, lemuel_fruit_tree
Shoals:1: layout_shoals, ldierk_geyser
Shoals:2: layout_shoals, nicolae_shoals_sun_and_surf
Shoals:3: layout_shoals, uniq_kirke, uniq_ilsuiw
Shoals:4: shoals_end_simple, layout_shoals, nicolae_shoals_circle_sea_wall,
          uniq_nikola
Snake:1:  layout_onion, serial_shops, shop, nicolae_shop_gadgets, uniq_aizul
Snake:2:  layout_rooms, uniq_azrael
Snake:3:  layout_grid_maze, minmay_shop_star
Snake:4:  grunt_snake_rune_spirals, layout_onion_interference, basic_altar,
          st_stairs_1
Orc:1:    layout_caves, gammafunk_ghost_cemetery, serial_shops,
          nicolae_shop_behind_doors, nicolae_shop_bloodbath_and_beyond,
          nicolae_shop_competitors_out_of_business,
          nicolae_shop_overgrown_old_shop, statue_in_the_mist_lemuel,
          minmay_orc_treasury
Orc:2:    grunt_orc_cross, layout_diamond_mine, serial_shops, shop, uniq_nessos
Vaults:1: vaults_room_hallway, ontoclasm_vaults_shuriken,
          nicolae_vaults_little_squares_2, nicolae_vaults_network_periphery,
          v_rooms_2, dpeg_vaults_monster_box, nicolae_vaults_quartermaster,
          v_misc_19, ontoclasm_vaults_spin, ontoclasm_vaults_twist,
          hangedman_vaults_snaps, hangedman_vaults_cutoff,
          layout_vaults_omnicross
Vaults:2: ontoclasm_vaults_decontamination, vaults_mumra_minichess_inversion,
          nicolae_vaults_little_squares_6, v_misc_12, vaults_dpeg_cross,
          v_misc_5, vaults_mumra_lcd, nicolae_vaults_holding_cells,
          hangedman_vaults_capsules, layout_vaults_big_room, serial_shops, shop
Vaults:3: nicolae_vaults_little_ls, minmay_crypt_entry_simple_sparse, v_rooms_5,
          nicolae_vaults_angled_halls, hangedman_vaults_nails,
          ontoclasm_vaults_claustrophobia, vaults_room_grunt_arrival_checkpoint,
          vaults_room_pool, v_misc_24, v_alt_pattern_6, not_door_vault_due,
          ontoclasm_vaults_eye, layout_vaults_maze, uniq_frederick

Skill      XL: |  1  2  3  4  5  6  7  8  9 10 11 12 13 14 15 16 17 18 19 |
---------------+----------------------------------------------------------+-----
Fighting       | 4 5 6 7 8 9 10 11 12 13 14 17 19 20 21 | 21.4
Axes           | 5 6 7 8 10 12 13 15 16 | 16.0
Armour         | 1 2 3 4 5 6 7 8 9 10 11 12 13 14 15 | 15.6
Evocations     | 1 3 5 |  5.0
Invocations    | 2 6 9 12 14 16 18 19 20 22 23 | 23.2
Shields        | 4 6 7 9 10 11 12 13 14 | 14.8
Throwing       | 5 |  5.0
Dodging        | 4 6 7 8 |  8.9
Stealth        | |  1.9

Action                   |  1- 3 |  4- 6 |  7- 9 | 10-12 | 13-15 | 16-18 | 19-21 || total
-------------------------+-------+-------+-------+-------+-------+-------+-------++-------
Melee: Hand axe          |    99 |       |    44 |       |   445 |       |       ||   588
       Punch             |     1 |     4 |     5 |     5 |       |       |       ||    15
       Whip              |    15 |   150 |   307 |    39 |    10 |       |       ||   521
       Broad axe         |       |       |    46 |   364 |   214 |   920 |   258 ||  1802
       Unarmed           |       |       |       |       |       |     2 |       ||     2
Throw: Dart              |       |     2 |     2 |     2 |     4 |       |       ||    10
Invok: Convert to Beogh  |       |       |     1 |       |       |       |       ||     1
       Recall Orcish Fol |       |       |       |    20 |    56 |    47 |    12 ||   135
       Stop Recall       |       |       |       |     5 |    16 |     5 |     2 ||    28
       Give Item to Name |       |       |       |     1 |     6 |     2 |     1 ||    10
       Smiting           |       |       |       |       |    13 |    21 |     3 ||    37
       Resurrection      |       |       |       |       |     1 |     1 |       ||     2
Evoke: Wand              |       |       |     6 |     3 |     3 |       |       ||    12
  Use: Scroll            |     1 |     3 |    11 |     9 |    11 |     5 |     1 ||    41
       Potion            |       |       |     2 |       |     4 |       |     1 ||     7
 Stab: Sleeping          |     3 |       |       |       |     1 |       |       ||     4
       Paralysed         |       |       |     6 |     1 |     3 |       |       ||    10
       Distracted        |       |       |       |     3 |     9 |    13 |     3 ||    28
       Confused          |       |       |       |     4 |       |       |       ||     4
Armor: Robe              |    23 |       |       |       |       |       |       ||    23
       Leather armour    |    13 |       |       |       |       |       |       ||    13
       Ring mail         |       |    68 |   200 |   194 |    10 |       |       ||   472
       Chain mail        |       |       |       |       |   198 |       |       ||   198
       Plate armour      |       |       |       |       |   163 |   540 |   137 ||   840
Dodge: Dodged            |   117 |    77 |   193 |   232 |   204 |   270 |    70 ||  1163
Block: Buckler           |       |       |       |    41 |   166 |       |       ||   207
       Kite shield       |       |       |       |       |    59 |   889 |   249 ||  1197
       Reflection        |       |       |       |       |     4 |    88 |    20 ||   112
       Tower shield      |       |       |       |       |       |     9 |       ||     9
